AoeStats
← theanswer5

Arabian Desert

510401451Analyzed
1v1 RM · 2d ago on Sep 30, 2026· 40m 51s· 2 players
Game mode
Random Map
Map size
Tiny (2 player)
Population
200
Speed
Normal
Resources
Standard
Victory
Conquest
Starting age
Dark Age
Ending age
Imperial Age
RankedLock teamsTeams togetherTeam positionsShared explorationLock speedFull tech treeHidden civsTurbo modeCheats
Victory
Defeat
🇵🇹 Britons · Portugal
1624
+16
🇹🇷 Magyars · Türkiye
1619
-16
theanswer5
6:16 Loom
10:12 Feudal Age
11:06 Double-Bit Axe
14:45 Fletching
16:32 Padded Archer Armor
24:04 Castle Age
22:10 Horse Collar
22:41 Gold Mining
24:50 Bodkin Arrow
28:02 Wheelbarrow
32:04 Ballistics
32:29 Stone Mining
37:32 Elite Skirmisher
38:29 Heavy Plow
38:41 Bow Saw
TheNando
5:47 Loom
9:09 Feudal Age
9:46 Double-Bit Axe
16:14 Fletching
20:49 Castle Age
20:21 Padded Archer Armor
21:26 Bodkin Arrow
21:28 Crossbowman
25:41 Ballistics
31:16 Bow Saw
33:46 Wheelbarrow
33:33 Horse Collar
40:26 Imperial Age
39:31 Gold Mining
41:15 Bracer
Connection lost

Rejoining the realm…

Still unreachable

The connection could not be restored.

Session expired

The server has moved on; the page needs a fresh start.